 Dungeon Crawl Stone Soup version 0.19-a0-1071-g4ed3155 (webtiles) character file.

19 4thArraOfDagon the Chopper (level 2, -8/39 HPs)
             Began as a Minotaur Berserker on Aug 5, 2016.
             Was a Follower of Trog.
             Mangled by a gnoll
             ... wielding a cursed -1 spear
              (9 damage)
             ... on level 2 of the Dungeon.
             The game lasted 00:00:41 (161 turns).

4thArraOfDagon the Chopper (Minotaur Berserker)      Turns: 161, Time: 00:00:42

Health: -8/39      AC:  6    Str: 26    XL:     2   Next: 55%
Magic:  1/1        EV: 11    Int:  4    God:    Trog [*.....]
Gold:   11         SH:  0    Dex:  9    Spells: 0 memorised, 1 level left

rFire  . . .     SeeInvis .     a - +0 hand axe
rCold  . . .     Gourm    .     e - +0 scale mail
rNeg   . . .     Faith    .     (no shield)
rPois  .         Spirit   .     (helmet restricted)
rElec  .         Dismiss  .     (no cloak)
rCorr  .         Reflect  .     (no gloves)
SustAt .         Harm     .     (no boots)
MR     .....                    (no amulet)
Stlth  ..........               (no ring)
                                (no ring)

@: berserking, very quick
A: retaliatory headbutt, horns 2
a: Berserk, Burn Spellbooks, Renounce Religion


You were on level 2 of the Dungeon.
You worshipped Trog.
Trog was aware of your devotion.
You were not hungry.

You visited 1 branch of the dungeon, and saw 2 of its levels.

You collected 11 gold pieces.

Inventory:

Hand Weapons
 a - a +0 hand axe (weapon)
Armour
 b - a +0 animal skin
 e - a +0 scale mail (worn)
Scrolls
 f - a scroll of identify {unknown}
Comestibles
 c - a bread ration
 d - a meat ration


   Skills:
 - Level 3.6 Fighting
 * Level 4.3 Axes
 + Level 3.0 Armour
 - Level 2.1 Dodging


You had one spell level left.
You didn't know any spells.

Dungeon Overview and Level Annotations

Branches:
Dungeon (2/15)

Altars:
Trog


Innate Abilities, Weirdness & Mutations

You reflexively headbutt those who attack you in melee.
You have a pair of horns on your head.


Message History

The gnoll hits you but does no damage. The kobold barely misses you.
You furiously retaliate!
You headbutt the kobold!
You kill the kobold!
Trog accepts your kill. The gnoll hits you with a spear.
Unknown command.
You barely miss the gnoll. You slash the gnoll!
You kill the gnoll!
Trog accepts your kill.
Your Armour skill increases to level 3!
You hit the gnoll. x2; The gnoll hits you with a spear.
* * * LOW HITPOINT WARNING * * *
The gnoll hits you with a flail!
* * * LOW HITPOINT WARNING * * *
Unknown command.
You hit the gnoll.
The gnoll is heavily wounded.
You hit the gnoll. x2; You barely miss the giant newt.
The gnoll hits you with a spear!
You die...

#... #...
#[.$#####
#.......#
#......#
#..†...####
#.........#
###...gl....#
#.....g@....#
#?#...)g#...#
#.#.....#...#
#.......+ ...#
####.....####.#
........#..gK....
.#####..#.###....
#..........g..._
###.#..#.###...


You could see 3 gnolls and a giant newt.

Vanquished Creatures
  A gnoll (D:2)
  A giant gecko (D:1)
  A bat (D:2)
  A giant cockroach (D:1)
  A hobgoblin (D:1)
  2 giant newts
  2 kobolds
  2 rats
11 creatures vanquished.

Notes
Turn   | Place    | Note
-------+----------+-------------------------------------------
     0 | D:1      | 4thArraOfDagon the Minotaur Berserker began the quest for the Orb.
     0 | D:1      | Reached XP level 1. HP: 19/19 MP: 0/0
     2 | D:1      | Noticed an ogre
     2 | D:1      | Noticed a tengu
     4 | D:1      | Noticed a felid
     4 | D:1      | Noticed a merfolk
     6 | D:1      | Noticed a ghoul
     6 | D:1      | Noticed a spriggan
     8 | D:1      | Noticed a demigod
    10 | D:1      | Noticed an octopode
    12 | D:1      | Noticed a demonspawn
    12 | D:1      | Noticed a troll
    14 | D:1      | Noticed an elf
    14 | D:1      | Noticed a minotaur
    16 | D:1      | Noticed a centaur
    18 | D:1      | Noticed a vine stalker
    18 | D:1      | Noticed a draconian
    20 | D:1      | Noticed a formicid
    20 | D:1      | Noticed a gargoyle
    22 | D:1      | Noticed a naga
    24 | D:1      | Noticed a halfling
    24 | D:1      | Noticed a human
    26 | D:1      | Noticed a dwarf
    26 | D:1      | Noticed a vampire
    63 | D:1      | Reached skill level 4 in Axes
   141 | D:2      | Found a bloodstained altar of Trog.
   142 | D:2      | Reached XP level 2. HP: 21/26 MP: 1/1
   160 | D:2      | HP: 1/39 [gnoll/flail (7)]
   161 | D:2      | Mangled by a gnoll

Vault maps used:
D:1:      kb_arrival_jail, supply_closet_lemuel
D:2:      kennysheep_goblin_castle, gammafunk_temple_overflow_elements,
          bloody_trog

Skill      XL: |  1  2 |
---------------+-------+-----
Axes           | 4 |  4.3
Armour         | 3 |  3.0
Fighting       | |  3.6
Dodging        | |  2.1

Action                   || total
-------------------------++-------
Melee: Hand axe          ||    14
       Headbutt          ||     2
Invok: Berserk           ||     1
Armor: Animal skin       ||     2
       Scale mail        ||     5
Dodge: Dodged            ||    12
